 Dungeon Crawl Stone Soup version bcrawl-1.40.3b (webtiles) character file.

Game seed: 15346903024823309983

210551 iceDog the Covered (level 7, 0/60 HPs)
             Began as a Minotaur Fighter on Feb 10, 2024.
             Succumbed to a killer bee's poison
             ... on level 5 of the Dungeon.
             The game lasted 00:09:33 (3948 turns).

iceDog the Covered (Minotaur Fighter)               Turns: 3948, Time: 00:09:33

Health: 0/60       AC: 15    Str: 22    XL:     7   Next: 33%
Magic:  6/6        EV:  5    Int:  5    God:
Gold:   264        SH: 10    Dex: 10    Spells: 6/6 levels left

rFire    + . .     GDR:     28% w - +2 hand axe (flame)
rCold    . . .     SeeInvis .   c - +0 medium shield
rNeg     . . .     Gourm    .   x - +2 chain mail {rF+}
rPois    .         Faith    .   (helmet restricted)
rElec    .         Spirit   .   (no cloak)
rCorr    .         Reflect  .   l - +0 pair of gloves
MR       .....                  d - +1 pair of boots
Stlth    ..........             (no amulet)
HPRegen  0.20/turn              (no ring)
MPRegen  0.10/turn              (no ring)

@: lethally poisoned (0 -> -28), swift (expiring), flying (expiring), quick
A: retaliatory headbutt, horns 2
a: no special abilities


You were on level 5 of the Dungeon.
You were near starving.

You visited 1 branch of the dungeon, and saw 5 of its levels.

You collected 264 gold pieces.

Inventory:

Hand Weapons
 a - a +0 war axe
 t - a +0 trident
 w - a +2 hand axe of flaming (weapon)
Missiles
 j - 385 arrows
 q - 2 throwing nets {=f}
 s - 265 sling bullets
 y - 43 poisoned tomahawks (quivered)
 A - 48 poisoned needles
Armour
 c - a +0 medium shield (worn)
 d - a +1 pair of boots (worn)
 l - a +0 pair of gloves (worn)
 x - a +2 chain mail of fire resistance (worn)
Jewellery
 n - an uncursed amulet of faith
Scrolls
 g - a scroll of revelation {unknown}
 i - 4 scrolls of identify
 k - a scroll of noise {unknown}
 m - a scroll of blinking {unknown}
 o - a scroll of fog {unknown}
 p - 3 scrolls of fear {unknown}
 r - 2 scrolls of immolation {unknown}
 v - 2 scrolls of remove curse {unknown}
Potions
 h - a potion of flight
 z - a potion of ambrosia
Comestibles
 e - 9 rations {!d}


   Skills:
 + Level 4.7 Fighting
 * Level 5.3 Axes
 - Level 0.4 Throwing
 + Level 6.5 Armour
 + Level 2.1 Dodging
 - Level 0.8 Stealth
 + Level 5.6 Shields


You had 6 spell levels left.
You didn't know any spells.
Your spell library was empty.

Dungeon Overview and Level Annotations

Branches:
Dungeon (5/12)
 Temple: D:4-7

Altars:
Cheibriados


Innate Abilities, Weirdness & Mutations

You reflexively headbutt those who attack you in melee.
You have a pair of horns on your head.


Message History

You hit the adder. You burn the adder.
You feel less invigorated.
You feel less confused.
* * * LOW HITPOINT WARNING * * *
You feel sick. You block the killer bee's attack. You block the adder's attack.
You block the killer bee's attack. The adder bites you.
* * * LOW HITPOINT WARNING * * *
You miss the killer bee. You headbutt the killer bee.
The killer bee is almost dead.
You hit the adder. You burn the adder.
You kill the adder!
* * * LOW HITPOINT WARNING * * *
You feel sick. The killer bee stings you.
* * * LOW HITPOINT WARNING * * *
You are more poisoned.
The killer bee poisons you! The killer bee stings you!
* * * LOW HITPOINT WARNING * * *
The killer bee stings you but does no damage.
An ogre comes into view. It is wielding a +0 giant club.
You start to feel a little slower.
You die...

.# .# .# .#
># # .#####.
#.###...O...
#...@# ..
####.# .#.
#y###....
#s..$.#
#..##...#
#...# ##
#†#.# #.....
....##$.


You could see an ogre (sleeping), a scorpion and a killer bee.

Vanquished Creatures
  A phantom (D:2)
  An ogre (D:3)
  A bullfrog (D:4)
  A scorpion (D:4)
  2 howler monkeys (D:4)
  2 crimson imps (D:4)
  A hound (D:4)
  2 iguanas (D:4)
  A worker ant (D:4)
  A howler monkey zombie (D:4)
  A worker ant zombie (D:5)
  3 adders
  2 oozes (D:4)
  An adder skeleton (D:4)
  2 worms (D:2)
  3 dart slugs (D:1)
  3 leopard geckos
  5 orcs
  4 bats
  2 giant cockroaches (D:4)
  4 goblins
  9 hobgoblins
  6 jackals
  5 kobolds
  2 quokkas
  2 frilled lizards
  10 rats
77 creatures vanquished.

Notes
Turn   | Place    | Note
-------+----------+-------------------------------------------
     0 | D:1      | iceDog the Minotaur Fighter began the quest for the Orb.
     0 | D:1      | Reached XP level 1. HP: 19/19 MP: 0/0
   128 | D:1      | Reached skill level 4 in Armour
   131 | D:1      | Reached XP level 2. HP: 27/27 MP: 1/1
   734 | D:2      | Reached XP level 3. HP: 33/33 MP: 2/2
   979 | D:2      | Noticed a phantom
  1043 | D:2      | Killed a phantom
  1044 | D:2      | Reached skill level 5 in Armour
  1044 | D:2      | Reached XP level 4. HP: 19/40 MP: 3/3
  1044 | D:2      | Reached XP level 5. HP: 22/46 MP: 4/4
  1763 | D:3      | Noticed an ogre
  1803 | D:3      | Reached skill level 1 in Dodging
  1813 | D:3      | Killed an ogre
  2783 | D:4      | Reached XP level 6. HP: 53/53 MP: 5/5
  2901 | D:4      | Reached skill level 5 in Shields
  3044 | D:4      | Reached skill level 6 in Armour
  3159 | D:4      | Found a snail-covered altar of Cheibriados.
  3211 | D:4      | Reached skill level 5 in Axes
  3358 | D:4      | Reached XP level 7. HP: 57/60 MP: 6/6
  3900 | D:5      | Entered Level 5 of the Dungeon
  3947 | D:5      | HP: 2/60 [killer bee (8)]
  3948 | D:5      | Succumbed to a killer bee's poison

Skill      XL: |  1  2  3  4  5  6 |
---------------+-------------------+-----
Armour         | 4 5 6 |  6.5
Shields        | 4 5 |  5.6
Fighting       | 4 |  4.7
Axes           | 3 4 5 |  5.3
Dodging        | 1 2 |  2.1
Throwing       | |  0.4
Stealth        | |  0.8

Action                   |  1- 3 |  4- 6 |  7- 9 || total
-------------------------+-------+-------+-------++-------
Melee: War axe           |     9 |       |       ||     9
       Headbutt          |     5 |    21 |     8 ||    34
       Hand axe          |    85 |   104 |    50 ||   239
Throw: Throwing net      |     1 |     2 |       ||     3
       Tomahawk          |       |       |     1 ||     1
  Use: Scroll            |     1 |     3 |     1 ||     5
       Potion            |     1 |     1 |     4 ||     6
  Eat: Chunk             |     3 |    11 |     1 ||    15
Armor: Scale mail        |    39 |    27 |       ||    66
       Chain mail        |       |    14 |    44 ||    58
Dodge: Dodged            |    17 |    19 |    19 ||    55
Block: Medium shield     |    42 |    37 |    32 ||   111
